 Dungeon Crawl Stone Soup version 0.27-a0-909-g0721f309d1 (webtiles) character file.

Game seed: 12829505226989667187

24 Alarkh the Insei (level 2, -1/22 HPs)
             Began as a Demonspawn Transmuter on Apr 8, 2021.
             Slain by an ogre
             ... wielding a +0 giant club
              (23 damage)
             ... on level 1 of the Dungeon.
             The game lasted 00:00:44 (966 turns).

Alarkh the Insei (Demonspawn Transmuter)             Turns: 966, Time: 00:00:44

Health: -1/22      AC:  2    Str: 10    XL:     2   Next: 79%
Magic:  3/5        EV: 12    Int: 14    God:
Gold:   46         SH:  0    Dex: 13    Spells: 4/5 levels left

rFire    . . .     SeeInvis .     - Unarmed
rCold    . . .     Faith    .   (no shield)
rNeg     . . .     Spirit   .   a - +0 robe
rPois    .         Reflect  .   (helmet currently unavailable)
rElec    .         Harm     .   (no cloak)
rCorr    .         Rampage  .   (no gloves)
Will     .....                  (boots currently unavailable)
Stlth    +.........             (no amulet)
HPRegen  0.07/turn              (no ring)
MPRegen  0.09/turn              (no ring)

@: appendages
A: horns 2, talons 2, spiny 1
a: End Transformation


You were on level 1 of the Dungeon.
You had temporarily grown beastly horns and talons.
You visited 1 branch of the dungeon, and saw 2 of its levels.

You collected 46 gold pieces.

Inventory:

Armour
 a - a +0 robe (worn)
Scrolls
 b - a scroll of teleportation {unknown}
 d - a scroll of identify {unknown}
 f - a scroll of magic mapping {unknown}
 g - a scroll of vulnerability {unknown}
Potions
 c - a potion of attraction {unknown}
 e - a potion of lignification {unknown}


   Skills:
 + Level 1.7 Fighting
 - Level 1.7 Dodging
 * Level 3.4 Unarmed Combat
 - Level 2.0 Spellcasting
 - Level 1.7 Transmutations


You had 4 spell levels left.
You knew the following spells:

 Your Spells              Type           Power      Damage    Failure   Level
a - Beastly Appendage     Tmut           12%        N/A       12%         1

Your spell library contained the following spells:

 Spells                   Type           Power      Damage    Failure   Level
 Wereblood                Tmut           6%         N/A       17%         2
 Spider Form              Tmut/Pois      1%         N/A       45%         3
 Ice Form                 Ice/Tmut       3%         N/A       86%         4
 Hydra Form               Tmut           3%         N/A       97%         5


Dungeon Overview and Level Annotations

Branches:
Dungeon (2/15)

Altars:


Innate Abilities, Weirdness & Mutations

You have temporarily grown beastly horns and talons.
You are partially covered in sharp spines.


Message History

Done exploring.
Done exploring.
(D) Dungeon
Where to? (? - help)
There is an escape hatch in the floor here.
You see here a +0 dagger.
Things that are here:
a jackal skeleton; a jackal skeleton You see here a hobgoblin skeleton.
There is an open door here.
There is an open door here.
You see here 18 poisoned darts.
There is a stone staircase leading down here.
You climb downwards.
A quokka, a kobold and an ogre come into view.
There is a stone staircase leading up here.
There are monsters nearby!
Okay, then.
The ogre closely misses you.
You climb upwards.
There is a stone staircase leading down here.
Casting: Beastly Appendage (safe; 12% risk of failure)
Press: ? - help, Q - select action Dir - look around, f - activate You grow a pair of large bovine horns.
Your feet morph into talons.
Casting: Beastly Appendage (safe; 12% risk of failure)
Confirm with . or Enter, or press ? or * to list all spells.
You extend your transformation's duration.
The ogre misses you.
Unknown command.
You barely miss the ogre. You headbutt the ogre!
The ogre is moderately wounded.
The ogre closely misses you.
You hit the ogre.
The ogre is moderately wounded.
You hit the ogre but do no damage.
The ogre is moderately wounded.
The ogre is struck by your spines.
The ogre hits you with a +0 giant club!!
Ouch! That really hurt!
You die...

#...'......#
##...####...#
######....# #...#
...)......# ##..#
..........#####..#
....(...........>#
......##'#######.#
......##.# #O#
......##.# #@#
########'##### #.#
#........# #.#
#.##.##..# #.#
#.#⌠.⌠#[.###.#
#.##.##......#
###⌠_⌠#.######
##.##.# #⌠.⌠#.#


You could see an ogre.

Vanquished Creatures
  A dart slug (D:1)
  2 endoplasms (D:1)
  A giant cockroach (D:1)
  3 goblins (D:1)
  2 hobgoblins (D:1)
  5 jackals (D:1)
  A ball python (D:1)
  A frilled lizard (D:1)
  A kobold (D:1)
  2 rats (D:1)
19 creatures vanquished.

Notes
Turn   | Place    | Note
-------+----------+-------------------------------------------
     0 | D:1      | Alarkh the Demonspawn Transmuter began the quest for the
                  | Orb.
     0 | D:1      | Reached XP level 1. HP: 15/15 MP: 3/3
   108 | D:1      | Reached skill level 3 in Unarmed Combat
   349 | D:1      | Gained mutation: You are partially covered in sharp spines.
                  | [demonic ancestry]
   349 | D:1      | Reached XP level 2. HP: 18/21 MP: 3/5
   634 | D:1      | Found a faded altar of an unknown god.
   956 | D:2      | Noticed an ogre
   966 | D:1      | Slain by an ogre

Illustrated notes

Levels and vault maps discovered:
D:1:      roderic_octagonal_star, layout_basic, ebering_ecumenical_altar_hall
D:2:      layout_loops_corners, basic_altar, kennysheep_nub

Skill      XL: |  1 |
---------------+----+-----
Unarmed Combat | 3 |  3.4
Fighting       | |  1.7
Dodging        | |  1.7
Spellcasting   | |  2.0
Transmutations | |  1.7

Action                   || total
-------------------------++-------
Melee: Unarmed           ||    53
       Kick              ||     9
       Headbutt          ||     4
       Punch             ||     2
 Cast: Beastly Appendage ||    13
Armor: Robe              ||     7
Dodge: Dodged            ||    29

Table legend: (Time is in decaauts)
 A = Elapsed time spent in this place.
 B = Non-inter-level travel time spent in this place.
 C = Inter-level travel time spent in this place.
 D = Time resting spent in this place.
 E = Time spent auto-exploring this place.
 F = Levels seen in this place.
 G = Mean time per level.
                   A        B        C        D        E       F      G
               +--------+--------+--------+--------+--------+-----+--------+
         Total |    962 |    871 |     91 |      0 |    747 |   2 |  481.0 |
       Dungeon |    962 |    871 |     91 |      0 |    747 |   2 |  481.0 |
               +--------+--------+--------+--------+--------+-----+--------+

Top non-repeatable levels by time:
     D:1: 960 daAuts
     D:2: 1 daAuts
